 Dungeon Crawl Stone Soup version 0.27-a0-577-ge2a43ba0c9 (webtiles) character file.

Game seed: 10098404874692134048

147 jasper the Bolt Thrower (level 5, -3/37 HPs)
             Began as a Demonspawn Arcane Marksman on Mar 9, 2021.
             Slain by an iguana (5 damage)
             ... on level 4 of the Dungeon.
             The game lasted 00:03:41 (3255 turns).

jasper the Bolt Thrower (DsAM)                      Turns: 3255, Time: 00:03:41

Health: -3/37      AC:  6    Str: 10    XL:     5   Next: 7%
Magic:  0/6        EV: 10    Int: 15    God:
Gold:   210        SH:  0    Dex: 14    Spells: 3/6 levels left

rFire    . . .     SeeInvis .   a - +0 hand crossbow
rCold    . . .     Faith    .   (no shield)
rNeg     . . .     Spirit   +   f - +0 ring mail
rPois    .         Reflect  .   (no helmet)
rElec    .         Harm     .   (no cloak)
rCorr    .         Rampage  .   (no gloves)
Will     .....                  (no boots)
Stlth    +.........             (no amulet)
HPRegen  0.12/turn              (no ring)
MPRegen  0.20/turn              (no ring)

@: no status effects
A: magic shield, magic regeneration, sharp scales 1
a: no special abilities


You were on level 4 of the Dungeon.
You visited 1 branch of the dungeon, and saw 4 of its levels.

You collected 210 gold pieces.

Inventory:

Hand Weapons
 a - a +0 hand crossbow (weapon)
 g - a +0 club
 m - a +0 morningstar
 o - a +0 mace
Missiles
 u - 8 silver javelins
Armour
 e - a +0 robe
 f - a +0 ring mail (worn)
 p - a +0 scale mail
Jewellery
 h - a +4 ring of evasion
 j - an amulet of faith
 r - a ring of flight
Scrolls
 q - 4 scrolls of teleportation
Potions
 b - 2 potions of degeneration
 c - 3 potions of magic
 i - a potion of lignification
 k - a potion of haste
 l - a potion of brilliance {unknown}
 n - a potion of ambrosia {unknown}
 s - a potion of mutation {unknown}
 t - a potion of flight {unknown}
 v - a potion of resistance {unknown}
 w - a potion of heal wounds {unknown}


   Skills:
 - Level 1.0 Fighting
 + Level 4.8 Crossbows
 - Level 1.7 Dodging
 - Level 1.0 Spellcasting
 - Level 3.0 Hexes


You had 3 spell levels left.
You knew the following spells:

 Your Spells              Type           Power      Damage    Failure   Level
a - Portal Projectile     Hex/Tloc       10%        N/A       71%         3

Your spell library contained the following spells:

 Spells                   Type           Power      Damage    Failure   Level
 Corona                   Hex            10%        N/A       19%         1
 Slow                     Hex            9%         N/A       28%         2
 Inner Flame              Hex/Fire       5%         N/A       71%         3
 Cause Fear               Hex            4%         N/A       88%         4
 Leda's Liquefaction      Hex/Erth       2%         N/A       98%         4


Dungeon Overview and Level Annotations

Branches:
Dungeon (4/15)
 Temple: D:4-7

Altars:
Ashenzari
Nemelex Xobeh
Sif Muna


Innate Abilities, Weirdness & Mutations

When hurt, damage is shared between your health and your magic reserves.
You regenerate magic rapidly.
You are partially covered in razor-sharp scales. (AC +1, Slay +1)


Message History

You take 3 damage, and have 19/37 hp.
You now have 3/6 mp.
Fire: 5 bolts
Press: ? - help, Q - select action, (/) - cycle Shift-Dir - straight line, f/p - iguana
Aim: an iguana (moderately wounded, 69% to hit)
You shoot a bolt. The bolt hits the iguana.
The iguana is moderately wounded.
The iguana bites you!
* * * LOW HITPOINT WARNING * * *
You take 9 damage, and have 10/37 hp.
MASSIVE DAMAGE!!
You now have 2/6 mp.
Fire: 4 bolts
Press: ? - help, Q - select action, (/) - cycle Shift-Dir - straight line, f/p - iguana
Aim: an iguana (moderately wounded, 69% to hit)
You shoot a bolt.
The bolt hits the iguana but does no damage.
The iguana is moderately wounded.
The iguana bites you but does no damage. x2
Fire: 3 bolts
Press: ? - help, Q - select action, (/) - cycle Shift-Dir - straight line, f/p - iguana
Aim: an iguana (moderately wounded, 69% to hit)
You shoot a bolt. The bolt barely misses the iguana.
The bolt hits the dart slug!
You kill the dart slug!
The iguana bites you.
* * * LOW HITPOINT WARNING * * *
You take 2 damage, and have 8/37 hp.
You now have 2/6 mp.
Fire: 2 bolts
Press: ? - help, Q - select action, (/) - cycle Shift-Dir - straight line, f/p - iguana
Aim: an iguana (moderately wounded, 69% to hit)
You shoot a bolt. The bolt barely misses the iguana.
The iguana closely misses you.
Fire: bolt
Press: ? - help, Q - select action, (/) - cycle Shift-Dir - straight line, f/p - iguana
Aim: an iguana (moderately wounded, 69% to hit)
You shoot a bolt. The bolt barely misses the iguana.
The iguana bites you!
* * * LOW HITPOINT WARNING * * *
You take 7 damage, and have 1/37 hp.
You now have 0/6 mp.
Okay, then.
The iguana bites you.
You die...

#####
#######...#
..........###
............#
#...##.###
#(.((l...#
##...##@#.#
#8...8#.#.#
##.!.##.#.#
#...##...#
##...###..#
#⌠...8##..#
##...###..# .
#...# #..# ..
##...###<.#


You could see an iguana.

Vanquished Creatures
  Terence (D:2)
  A gnoll (D:1)
  5 adders
  An ooze (D:2)
  5 dart slugs
  6 giant cockroaches
  6 goblins
  7 hobgoblins
  3 jackals (D:3)
  5 kobolds
  7 bats
  A frilled lizard (D:3)
  2 rats
50 creatures vanquished.

Notes
Turn   | Place    | Note
-------+----------+-------------------------------------------
     0 | D:1      | jasper the Demonspawn Arcane Marksman began the quest for
                  | the Orb.
     0 | D:1      | Reached XP level 1. HP: 15/15 MP: 2/2
    67 | D:1      | Reached skill level 2 in Crossbows
   101 | D:1      | Found a sparkling altar of Nemelex Xobeh.
   104 | D:1      | Gained mutation: You regenerate magic rapidly. [demonic
                  | ancestry]
   104 | D:1      | Reached XP level 2. HP: 21/21 MP: 3/3
   181 | D:1      | Reached skill level 3 in Crossbows
   517 | D:1      | Gained mutation: When hurt, damage is shared between your
                  | health and your magic reserves. [demonic ancestry]
   517 | D:1      | Reached XP level 3. HP: 26/26 MP: 4/4
   881 | D:2      | Noticed Terence
   904 | D:2      | Killed Terence
   905 | D:2      | Reached XP level 4. HP: 7/32 MP: 2/5
  1219 | D:2      | Reached skill level 4 in Crossbows
  1940 | D:2      | Found a broken altar of Ashenzari.
  2219 | D:2      | Learned a level 3 spell: Portal Projectile
  2575 | D:3      | Gained mutation: You are partially covered in razor-sharp
                  | scales. (AC +1, Slay +1) [demonic ancestry]
  2575 | D:3      | Reached XP level 5. HP: 15/37 MP: 3/6
  2877 | D:3      | Found a shimmering blue altar of Sif Muna.
  3254 | D:4      | HP: 1/37 [iguana (7)]
  3255 | D:4      | Slain by an iguana

Illustrated notes

Levels and vault maps discovered:
D:1:      wheals_arrival_shading, layout_basic,
          nemelex_xobeh_ov_fountains_minmay
D:2:      layout_basic, lemuel_coloured_pillars_altar, uniq_terence
D:3:      minmay_general_purpose_star, layout_rooms, old_standard_altar
D:4:      layout_loops_ring, corexii_hall_statues_i, uniq_menkaure

Skill      XL: |  1  2  3  4 |
---------------+-------------+-----
Crossbows      | 2 3 4 |  4.8
Fighting       | |  1.0
Dodging        | |  1.7
Spellcasting   | |  1.0
Hexes          | |  3.0

Action                   |  1- 3 |  4- 6 || total
-------------------------+-------+-------++-------
Melee: Morningstar       |       |    39 ||    39
 Fire: Hand crossbow     |    69 |    96 ||   165
  Use: Potion            |     1 |       ||     1
       Scroll            |       |     7 ||     7
Armor: Ring mail         |    13 |    52 ||    65
       Skin              |     2 |       ||     2
Dodge: Dodged            |    16 |    77 ||    93

Table legend: (Time is in decaauts)
 A = Elapsed time spent in this place.
 B = Non-inter-level travel time spent in this place.
 C = Inter-level travel time spent in this place.
 D = Time resting spent in this place.
 E = Time spent auto-exploring this place.
 F = Levels seen in this place.
 G = Mean time per level.
                   A        B        C        D        E       F      G
               +--------+--------+--------+--------+--------+-----+--------+
         Total |   3328 |   3225 |    103 |    275 |   2407 |   4 |  832.0 |
       Dungeon |   3328 |   3225 |    103 |    275 |   2407 |   4 |  832.0 |
               +--------+--------+--------+--------+--------+-----+--------+

Top non-repeatable levels by time:
     D:2: 1539 daAuts
     D:3: 1008 daAuts
     D:1: 728 daAuts
     D:4: 52 daAuts
